 Adventure DCSS version bcrawl-1.30.1 (webtiles) character file.

Game seed: 6208037671015302853

87727 vatarom the Magician (level 2, 4/20 HPs)
             Began as an Oni Wizard on Mar 17, 2020.
             Quit the game on level 1 of the Dungeon on Mar 12, 2021.
             The game lasted 00:00:47 (577 turns).

vatarom the Magician (Oni Wizard)                    Turns: 577, Time: 00:00:48

Health: 4/20       AC:  2    Str: 10    XL:     2   Next: 29%
Magic:  6/7        EV: 12    Int: 19    God:
Gold:   29         SH:  0    Dex:  9    Spells: 5/6 levels left
                                        Lives:  2   Deaths: 0

rFire    . . .     SeeInvis .   a - +0 staff
rCold    . . .     Gourm    .   (no shield)
rNeg     . . .     Faith    .   b - +0 animal skin
rPois    .         Spirit   .   c - +0 hat
rElec    .         Reflect  .   (no cloak)
rCorr    .         Harm     .   (no gloves)
MR       .....                  (no boots)
Stlth    ++........             (no amulet)
HPRegen  0.06/turn              (no ring)
MPRegen  0.10/turn              (no ring)

@: no status effects
A: oni magic, claws 1, fangs 1, horns 1
a: no special abilities


You were on level 1 of the Dungeon.
You were not hungry.

You visited 1 branch of the dungeon, and saw 1 of its levels.

You collected 29 gold pieces.

Inventory:

Hand Weapons
 a - a +0 staff (weapon)
Armour
 b - a +0 animal skin (worn)
 c - a +0 hat (worn)
Jewellery
 d - a +2 amulet of reflection {unknown}
 g - an uncursed ring of stealth
Potions
 f - a potion of brilliance
Comestibles
 e - 2 rations {!d}


   Skills:
 + Level 1.8 Dodging
 + Level 2.0 Stealth
 + Level 2.5 Spellcasting
   Level 2.5 Conjurations
   Level 2.5 Hexes
   Level 2.5 Charms
   Level 2.5 Summonings
   Level 2.5 Necromancy
   Level 2.5 Translocations
   Level 2.5 Transmutations
   Level 2.5 Fire Magic
   Level 2.5 Ice Magic
   Level 2.5 Air Magic
   Level 2.5 Earth Magic
   Level 2.5 Poison Magic


You had 5 spell levels left.
You knew the following spells:

 Your Spells              Type           Power        Failure   Level  Hunger
a - Magic Dart            Conj           ##..         4%          1    None

Your spell library contained the following spells:

 Spells                   Type           Power        Failure   Level  Hunger
 Flame Tongue             Conj/Fire      ##...        5%          1    None
 Blink                    Tloc           N/A          8%          2    ##.....
 Call Imp                 Summ           ##....       8%          2    ##.....
 Conjure Flame            Conj/Fire      ##......     17%         3    ####...
 Spider Form              Tmut/Pois      ##.          17%         3    ####...
 Mephitic Cloud           Conj/Pois/Air  ##......     19%         3    ####...


Dungeon Overview and Level Annotations

Branches:
Dungeon (1/12)

Altars:


Innate Abilities, Weirdness & Mutations

You learn spells by gaining experience, not through books or religion.
You only train spellcasting to practice magic.
You have sharp fingernails.
You have very sharp teeth.
You have a pair of small horns on your head.


Message History

The goblin is severely wounded.
The goblin barely misses you.
You hit the goblin.
You kill the goblin!
The hobgoblin barely misses you.
You closely miss the hobgoblin. Your headbutt misses the hobgoblin.
The hobgoblin is severely wounded.
The hobgoblin hits you with a +0 club.
* * * LOW HITPOINT WARNING * * *
You closely miss the hobgoblin. Your bite misses the hobgoblin.
The hobgoblin is severely wounded.
The hobgoblin closely misses you.
You barely miss the hobgoblin.
The hobgoblin is severely wounded.
The hobgoblin hits you but does no damage.
You hit the hobgoblin but do no damage. Your headbutt misses the hobgoblin.
The hobgoblin is severely wounded.
The hobgoblin hits you but does no damage.
No path to travel!
Are you sure you want to abandon this character and quit the game? (Confirm with "yes".)

#.#.##.#.#.#
#.#....#.#.#
#.+####'.#.#
#........#.#
+########'.#
..........#
#.#####..##
#.......##
...###@###
#g#
#......[..#
#..###....#
##.#.# .%#.#
.##.# . # #!


You could see a hobgoblin.

Vanquished Creatures
  2 ball pythons (D:1)
  A giant cockroach (D:1)
  A goblin (D:1)
  2 hobgoblins (D:1)
  2 kobolds (D:1)
  2 rats (D:1)
10 creatures vanquished.

Notes
Turn   | Place    | Note
-------+----------+-------------------------------------------
     0 | D:1      | vatarom the Oni Wizard began the quest for the Orb.
     0 | D:1      | Reached XP level 1. HP: 14/14 MP: 5/5
   534 | D:1      | Reached XP level 2. HP: 20/20 MP: 7/7
   569 | D:1      | Upgraded the game from bcrawl-1.21.2-28-g2cb1824106 to
                  | bcrawl-1.30.1
   577 | D:1      | Quit the game

Skill      XL: |  1 |
---------------+----+-----
Stealth        | 2 |  2.0
Dodging        | |  1.8
Spellcasting   | |  2.5
Conjurations   | |  2.5
Hexes          | |  2.5
Charms         | |  2.5
Summonings     | |  2.5
Necromancy     | |  2.5
Translocations | |  2.5
Transmutations | |  2.5
Fire Magic     | |  2.5
Ice Magic      | |  2.5
Air Magic      | |  2.5
Earth Magic    | |  2.5
Poison Magic   | |  2.5

Action                   || total
-------------------------++-------
Melee: Staff             ||    34
       Headbutt          ||     3
       Bite              ||     2
 Cast: Magic Dart        ||     4
 Stab: Sleeping          ||     3
Armor: Animal skin       ||     7
Dodge: Dodged            ||    12
